 Dungeon Crawl Stone Soup version 0.27-a0-650-g8dd3ea4f36 (webtiles) character file.

Game seed: 15475457484973238868

23 jestyr24 the Grave Robber (level 2, -4/19 HPs)
             Began as a Mummy Necromancer on Mar 16, 2021.
             Slain by a hobgoblin
             ... wielding a +0 club
              (9 damage)
             ... on level 1 of the Dungeon.
             The game lasted 00:05:49 (1191 turns).

jestyr24 the Grave Robber (Mummy Necromancer)       Turns: 1191, Time: 00:05:50

Health: -4/19      AC:  2    Str: 11    XL:     2   Next: 75%
Magic:  6/6        EV: 12    Int: 14    God:
Gold:   86         SH:  0    Dex: 12    Spells: 6/7 levels left

rFire    x . .     SeeInvis .   d - +0 mace
rCold    + . .     Faith    .   (no shield)
rNeg     + + +     Spirit   .   a - +0 robe
rPois    ∞         Reflect  .   (no helmet)
rElec    .         Harm     .   (no cloak)
rCorr    .         Rampage  .   (no gloves)
Will     .....                  (no boots)
Stlth    ++........             (no amulet)
HPRegen  0.06/turn              (no ring)
MPRegen  0.10/turn              (no ring)

@: no status effects
A: cold resistance 1, negative energy resistance 3, torment resistance 2,
unbreathing 1, heat vulnerability 1, no potions
a: no special abilities


You were on level 1 of the Dungeon.
You visited 1 branch of the dungeon, and saw 1 of its levels.

You collected 86 gold pieces.

Inventory:

Hand Weapons
 d - a +0 mace (weapon)
Missiles
 e - 27 stones
Armour
 a - a +0 robe (worn)
Scrolls
 b - 2 scrolls of random uselessness {unknown}
 c - a scroll of identify {unknown}


   Skills:
 - Level 1.5 Dodging
 - Level 1.8 Stealth
 + Level 3.2 Spellcasting
 + Level 4.4 Necromancy


You had 6 spell levels left.
You knew the following spells:

 Your Spells              Type           Power      Damage    Failure   Level
a - Pain                  Necr           56%        1d6       3%          1

Your spell library contained the following spells:

 Spells                   Type           Power      Damage    Failure   Level
 Animate Skeleton         Necr           28%        N/A       3%          1
 Vampiric Draining        Necr           7%         2d7       10%         3
 Animate Dead             Necr           7%         N/A       32%         4
 Agony                    Necr           14%        N/A       67%         5


Dungeon Overview and Level Annotations

Branches:
Dungeon (1/15)

Altars:


Innate Abilities, Weirdness & Mutations

You are immune to poison.
Your flesh is cold resistant. (rC+)
You are immune to negative energy. (rN+++)
You are immune to unholy pain and torment.
You can survive without breathing.
You are vulnerable to heat. (rF-)
You do not drink.


Message History

You hit the goblin.
You kill the goblin!
You open the door.
A rat comes into view.
Found 7 sling bullets.
There is an open door here.
The helpless rat fails to defend itself.
You hit the rat.
You kill the rat!
You open the door.
There is an open door here.
Found a robe.
Found a stone staircase leading down.
There is a stone staircase leading down here.
A rat comes into view.
Found a leather armour.
Found 11 gold pieces.
You closely miss the rat. The rat misses you. The rat completely misses you.
You hit the rat.
You kill the rat!
You see here a rat corpse.
A frilled lizard comes into view.
The frilled lizard barely misses you.
You sock the frilled lizard!
You kill the frilled lizard!
You see here a frilled lizard corpse.
You now have 86 gold pieces (gained 11).
A rat comes into view.
The helpless rat fails to defend itself.
You hit the rat.
You kill the rat!
You see here a rat corpse.
A hobgoblin comes into view. It is wielding a +0 club.
The hobgoblin shouts!
The hobgoblin hits you with a +0 club.
You hit the hobgoblin but do no damage. The hobgoblin hits you with a +0 club!
You closely miss the hobgoblin. The hobgoblin hits you with a +0 club.
* * * LOW HITPOINT WARNING * * *
The hobgoblin hits you with a +0 club!
You die...

#### ..# #.# ####.###
### ##......# ..#
#...g.#.# ### #.#####
##..#.@#.###.########
......#
............†........#
#.###.#
###..####.#.....####.#
#.# #.# #. #.##...##
#.# ..# #.# # #.###.##
#.### ### #.# ..# #.#
####.... #####.# ###
#.# #....... ......#
#+###.##.### #######
## ## ##...##.##.###


You could see a hobgoblin.

Vanquished Creatures
  A leopard gecko (D:1)
  3 goblins (D:1)
  5 hobgoblins (D:1)
  A ball python (D:1)
  A frilled lizard (D:1)
  3 kobolds (D:1)
  9 rats (D:1)
23 creatures vanquished.

Notes
Turn   | Place    | Note
-------+----------+-------------------------------------------
     0 | D:1      | jestyr24 the Mummy Necromancer began the quest for the Orb.
     0 | D:1      | Reached XP level 1. HP: 13/13 MP: 4/4
   395 | D:1      | Reached XP level 2. HP: 17/19 MP: 1/5
  1191 | D:1      | Slain by a hobgoblin

Illustrated notes

Levels and vault maps discovered:
D:1:      amcnicky_arrival_feature_with_door, layout_loops_corners

Skill      XL: |  1  2 |
---------------+-------+-----
Spellcasting   | 3 |  3.2
Dodging        | |  1.5
Stealth        | |  1.8
Necromancy     | |  4.4

Action                   || total
-------------------------++-------
Melee: Mace              ||    20
 Cast: Pain              ||    32
 Stab: Sleeping          ||     3
Armor: Robe              ||     1
Dodge: Dodged            ||    12

Table legend: (Time is in decaauts)
 A = Elapsed time spent in this place.
 B = Non-inter-level travel time spent in this place.
 C = Inter-level travel time spent in this place.
 D = Time resting spent in this place.
 E = Time spent auto-exploring this place.
 F = Levels seen in this place.
 G = Mean time per level.
                   A        B        C        D        E       F      G
               +--------+--------+--------+--------+--------+-----+--------+
         Total |   1197 |   1197 |      0 |    399 |    516 |   1 | 1197.0 |
       Dungeon |   1197 |   1197 |      0 |    399 |    516 |   1 | 1197.0 |
               +--------+--------+--------+--------+--------+-----+--------+

Top non-repeatable levels by time:
     D:1: 1197 daAuts
